 Dungeon Crawl Stone Soup version 0.19.1 (webtiles) character file.

91990 Derfel the Severer (level 15, -10/138 HPs)
             Began as a Minotaur Berserker on Nov 29, 2016.
             Was a High Priest of Trog.
             Mangled by a jumping spider (18 damage)
             ... on level 2 of the Spider Nest.
             The game lasted 01:50:07 (23323 turns).

Derfel the Severer (Minotaur Berserker)            Turns: 23323, Time: 01:50:07

Health: -10/138    AC:  0    Str: 24    XL:     15   Next: 56%
Magic:  4/4        EV: 15    Int:  4    God:    Trog [*****.]
Gold:   1349       SH: 14    Dex: 18    Spells: 0 memorised, 14 levels left

rFire  . . .     SeeInvis .     a - +7 broad axe (antimagic)
rCold  . . .     Gourm    .     d - +4 plate armour "Saecsat" {Dex+4}
rNeg   + . .     Faith    +     P - +0 shield {reflect}
rPois  +         Spirit   .     (helmet restricted)
rElec  .         Reflect  +     w - +2 cloak
rCorr  .         Harm     .     J - +0 pair of gloves
MR     +....                    W - +0 pair of boots
Stlth  ..........               h - amulet of faith
                                L - ring of positive energy
                                k - ring of poison resistance

@: lethally poisoned (-10 -> -38), exhausted, corroded, very slightly
contaminated, slowed, very slow
A: retaliatory headbutt, horns 2
a: Berserk, Trog's Hand, Brothers in Arms, Burn Spellbooks, Renounce Religion


You were on level 2 of the Spider Nest.
You worshipped Trog.
Trog was extremely pleased with you.
You were near starving.

You visited 3 branches of the dungeon, and saw 23 of its levels.

You collected 1510 gold pieces.
You spent 161 gold pieces at shops.

Inventory:

Hand Weapons
 a - a +7 antimagic broad axe (weapon)
 b - a +2 hand axe of flaming
 n - a +2 broad axe of flaming
Missiles
 p - 26 tomahawks (quivered)
Armour
 d - the +4 plate armour "Saecsat" (worn) {Dex+4}
   (You found it on level 5 of the Dungeon)

   It affects your dexterity (+4).
 o - a +0 shield
 w - a +2 cloak (worn)
 J - a +0 pair of gloves (worn)
 P - a +0 shield of reflection (worn)
 W - a +0 pair of boots (worn)
Jewellery
 e - an uncursed ring of fire
 h - an amulet of faith (around neck)
 k - a ring of poison resistance (left hand)
 y - an uncursed ring of ice
 L - a ring of positive energy (right hand)
 Q - an uncursed ring of see invisible
Wands
 v - a wand of slowing (18/48)
 F - a wand of paralysis (0/24)
 G - a wand of heal wounds (3/9)
 I - a wand of flame (17/48)
 R - a wand of digging (12/24)
 U - a wand of disintegration (12/24)
Scrolls
 i - a scroll of summoning
 j - 6 scrolls of remove curse
 r - 2 scrolls of magic mapping
 s - 3 scrolls of identify
 C - 9 scrolls of recharging
 D - 2 scrolls of enchant armour
 K - 5 scrolls of teleportation
 N - 4 scrolls of fog
Potions
 f - 11 potions of curing
 m - 3 potions of agility
 q - 5 potions of flight
 z - 5 potions of cure mutation
 A - a potion of invisibility
 E - 3 potions of ambrosia
 H - 6 potions of lignification
 O - 5 potions of heal wounds
 T - 2 potions of cancellation
 Y - 3 potions of might
Books
 B - the Disquisition on Attacks and Enchantment
   (You found it on level 14 of the Dungeon)

   Spells                             Type                      Level
   a - Searing Ray                    Conjuration                  2
   b - Spectral Weapon                Hexes/Charms                 3
   c - Bolt of Draining               Conjuration/Necromancy       5
   d - Irradiate                      Conjuration/Transmutation    5
   e - Summon Mana Viper              Hexes/Summoning              5
   Trog disapproves of the use of such an item.
 X - a book of Conjurations

   Spells                             Type                      Level
   a - Magic Dart                     Conjuration                  1
   b - Searing Ray                    Conjuration                  2
   c - Dazzling Spray                 Conjuration/Hexes            3
   d - Fulminant Prism                Conjuration/Hexes            4
   e - Iskenderun's Mystic Blast      Conjuration                  4
   f - Iskenderun's Battlesphere      Conjuration/Charms           5
   Trog disapproves of the use of such an item.
Comestibles
 c - 17 bread rations
 g - a slice of pizza
 t - 5 beef jerkies
 u - 8 meat rations
 x - 17 fruits
 V - 18 royal jellies


   Skills:
 * Level 14.0 Fighting
 - Level 18.7 Axes
 * Level 14.1 Armour
 * Level 13.0 Dodging
 * Level 12.2 Shields
 + Level 0.6 Evocations


You had 14 spell levels left.
You didn't know any spells.

Dungeon Overview and Level Annotations

Branches:
Dungeon (15/15)            Temple (0/1) D:7            Lair (6/6) D:8
 Shoals (0/4) Lair:3       Spider (2/4) Lair:4        Slime (0/5) Lair:6
    Orc (0/2) D:12         Vaults (0/5) D:14         Depths (0/5) D:15

Altars:
Gozag
Sif Muna
Xom
Zin
Jiyva

Shops:
D:14 ?

Annotations:
D:7 executioneer's ghost, novice FeFi
Lair:6 2 exclusions
Spider:2 Arachne


Innate Abilities, Weirdness & Mutations

You reflexively headbutt those who attack you in melee.
You have a pair of horns on your head.


Message History

* * * LOW HITPOINT WARNING * * *
The jumping spider pounces on you!
* * * LOW HITPOINT WARNING * * *
The jumping spider bites you.
* * * LOW HITPOINT WARNING * * *
Your demonic crawler closely misses the jumping spider.
Your demonic crawler hits the jumping spider but does no damage.
Your demonic crawler barely misses the jumping spider.
Your redback bites the jumping spider!
You block the wolf spider's attack. The wolf spider bites you!
* * * LOW HITPOINT WARNING * * *
You are lethally poisoned!
The wolf spider poisons you!
Your redback bites the jumping spider!
Arachne casts a spell.
Arachne blinks!
Your redback bites the jumping spider but does no damage.
The jumping spider barely misses your demonic crawler.
The jumping spider bites your demonic crawler.
The jumping spider pounces on you!!
You die...

##........... ..#
##.[.....>..^ ....
#.......##.. #...#
#./##.......#
....###........#.#
#...###.....##..#..$ ..#
#.ss##..§^.....#...
...####sss##.....}#..... .
......##s@§ss%..#.#...# ..
.......##sss§.....#...#...
........#......†..........
..s...§s.....^..........
#.###....§....††.#%...[...
#..........§...†.†........
...#....###.††.#..........
#.^.........†.##.!#......
.......#........#..#^.....


You could see a wolf spider, 4 jumping spiders, a scorpion, a friendly demonic
crawler, a friendly tarantella and 4 friendly redbacks.

Vanquished Creatures
  Rupert (D:15)
  An acid blob (Lair:6)
  Frances (Spider:1)
  Kirke (Lair:5)
  Donald (Spider:1)
  A very ugly thing (D:14)
  The ghost of Derfel the Severer, a journeyman MiBe of Trog (Lair:5)
  Azrael (D:12)
  An ettin (D:15)
  Fannar (Lair:3)
  5 hydras
  2 ogre magi (D:15)
  2 centaur warriors
  A hell knight (D:15)
  An iron troll (D:14)
  4 wizards (D:14)
  6 hill giants
  4 orb spiders (Spider:1)
  An orb spider (shapeshifter) (D:15)
  10 ugly things
  7 cyclopes
  2 deep elf magi
  7 wolf spiders
  A manticore (D:11)
  6 black mambas
  Joseph (D:8)
  3 gargoyles
  A molten gargoyle (Lair:6)
  4 spiny frogs
  2 torpor snails
  6 komodo dragons
  An efreet (D:15)
  2 rime drakes (Lair:5)
  A demonic crawler (Spider:1)
  2 tengu conjurers (D:15)
  3 meliai (Lair:5)
  3 trolls
  A polar bear (Lair:5)
  A merfolk (D:11)
  A queen bee (Lair:5)
  12 jumping spiders
  The ghost of pkoi the Slasher, an amateur DrGl (D:5)
  2 hornets
  21 dream sheep
  A two-headed ogre (D:8)
  The ghost of VictoriousLee the Insei, an amateur OpFi of Dithmenos (D:4)
  3 slime creatures (D:14)
  15 blink frogs
  14 hippogriffs
  A spriggan (D:11)
  8 wyverns
  A wraith (D:15)
  48 yaks
  A hog (shapeshifter) (D:14)
  7 tarantellas
  18 redbacks
  A vampire (D:11)
  2 fire elementals (D:12)
  Grum (D:8)
  A hungry ghost (D:11)
  5 basilisks
  3 hogs (Lair:5)
  A warg (D:12)
  2 steam dragons
  2 mottled dragons
  8 vampire mosquitoes
  9 water moccasins
  6 hell hounds
  5 porcupines
  4 phantoms
  3 sky beasts
  A necrophage (D:10)
  11 orc warriors
  9 ice beasts
  A black bear (D:7)
  An eye of draining (D:9)
  11 ogres
  9 wolves
  7 centaurs
  10 crocodiles
  20 bullfrogs
  A gnoll sergeant (D:10)
  5 scorpions
  A wyvern skeleton (D:14)
  A water moccasin skeleton (D:9)
  22 killer bees (Lair:5)
  7 howler monkeys
  7 wights
  An electric eel (Lair:3)
  4 crimson imps
  14 orc priests
  2 bullfrog skeletons
  9 hounds
  6 jellies
  4 centaur skeletons
  A gnoll shaman (D:8)
  Jessica (D:3)
  3 iguanas
  Natasha (twice) (D:2)
  13 worker ants
  15 orc wizards
  2 hound zombies
  A hound skeleton (D:9)
  A worker ant zombie (D:8)
  10 gnolls
  A howler monkey skeleton (D:4)
  10 adders
  2 river rats (D:8)
  3 shadow imps
  2 oozes
  3 adder zombies
  7 worms
  A dart slug (D:2)
  4 leopard geckos
  83 orcs
  5 giant cockroaches
  13 goblins
  5 hobgoblins
  5 jackals
  6 kobolds
  3 quokkas
  5 bats
  7 frilled lizards
  3 jackal skeletons
  A leopard gecko skeleton (D:7)
  A quokka skeleton (D:5)
  A quokka zombie (D:7)
  7 rats
  9 fungi
  5 plants
713 creatures vanquished.

Vanquished Creatures (collateral kills)
  2 entropy weavers (Spider:2)
  4 orb spiders
  A wolf spider (Spider:2)
  A jumping spider (Spider:2)
  A wind drake (shapeshifter) (D:12)
  3 redbacks (Spider:2)
12 creatures vanquished.

Vanquished Creatures (others)
  2 redbacks (Spider:2)
  26 fungi
  4 plants
32 creatures vanquished.

Grand Total: 757 creatures vanquished

Notes
Turn   | Place    | Note
-------+----------+-------------------------------------------
     0 | D:1      | Derfel the Minotaur Berserker began the quest for the Orb.
     0 | D:1      | Reached XP level 1. HP: 19/19 MP: 0/0
   142 | D:1      | Reached skill level 4 in Axes
   142 | D:1      | Reached XP level 2. HP: 22/27 MP: 1/1
  1066 | D:2      | Reached XP level 3. HP: 33/33 MP: 2/2
  1086 | D:2      | Noticed Natasha
  1092 | D:2      | Killed Natasha
  1155 | D:2      | Reached ** piety under Trog
  1172 | D:2      | Noticed Natasha
  1178 | D:2      | Killed Natasha
  1178 | D:2      | Reached skill level 5 in Axes
  1178 | D:2      | Reached XP level 4. HP: 35/40 MP: 3/3
  1985 | D:3      | Noticed Jessica
  1990 | D:3      | Killed Jessica
  1990 | D:3      | Reached XP level 5. HP: 46/46 MP: 4/4
  2198 | D:3      | Noticed a centaur
  2224 | D:3      | Killed a centaur
  2224 | D:3      | Reached skill level 6 in Axes
  2554 | D:3      | Found a faded altar of an unknown god.
  2824 | D:3      | Reached XP level 6. HP: 51/53 MP: 5/5
  3218 | D:4      | Noticed VictoriousLee's ghost (amateur OpFi)
  3228 | D:4      | Killed VictoriousLee's ghost
  3228 | D:4      | Reached skill level 5 in Fighting
  3228 | D:4      | Reached skill level 7 in Axes
  3228 | D:4      | Reached XP level 7. HP: 61/61 MP: 6/6
  3294 | D:4      | Reached skill level 5 in Armour
  4010 | D:5      | Entered Level 5 of the Dungeon
  4023 | D:5      | Reached skill level 8 in Axes
  4119 | D:5      | Reached *** piety under Trog
  4119 | D:5      | Reached skill level 5 in Dodging
  4119 | D:5      | Reached XP level 8. HP: 55/70 MP: 7/7
  4373 | D:5      | Noticed pkoi's ghost (amateur DrGl)
  4385 | D:5      | Killed pkoi's ghost
  4396 | D:5      | Reached skill level 9 in Axes
  4682 | D:5      | Got a distressingly furry plate armour
  5458 | D:6      | Reached skill level 1 in Shields
  5458 | D:6      | Reached XP level 9. HP: 78/78 MP: 8/8
  5803 | D:6      | Reached **** piety under Trog
  5993 | D:6      | Reached skill level 10 in Axes
  6492 | D:7      | Found a glowing silver altar of Zin.
  6506 | D:7      | Found a staircase to the Ecumenical Temple.
  6618 | D:7      | Noticed executioneer's ghost (novice FeFi)
  7034 | D:7      | Reached ***** piety under Trog
  7337 | D:8      | Identified the +4 plate armour "Saecsat" {Dex+4} (You found it on level 5 of the Dungeon)
  7392 | D:8      | Reached skill level 11 in Axes
  7517 | D:8      | Reached XP level 10. HP: 88/88 MP: 9/9
  7595 | D:8      | Noticed Grum
  7607 | D:8      | Killed Grum
  7608 | D:8      | Received a gift from Trog
  7693 | D:8      | Found a staircase to the Lair.
  7781 | D:8      | Noticed Joseph
  7804 | D:8      | Killed Joseph
  7939 | D:9      | Reached skill level 12 in Axes
  7939 | D:9      | Reached skill level 5 in Shields
  8842 | D:10     | Entered Level 10 of the Dungeon
  9183 | D:10     | Reached XP level 11. HP: 90/97 MP: 10/10
  9825 | D:11     | You fall through a shaft for 2 floors!
  9839 | D:13     | Reached skill level 13 in Axes
 10050 | D:12     | Reached skill level 10 in Armour
 10052 | D:12     | Received a gift from Trog
 10143 | D:12     | Noticed Azrael
 10166 | D:11     | Noticed a hill giant
 10173 | D:11     | Killed a hill giant
 10403 | D:11     | Reached skill level 10 in Fighting
 10734 | D:11     | Noticed a deep elf mage
 10742 | D:11     | Killed a deep elf mage
 11431 | Lair:1   | Entered Level 1 of the Lair of Beasts
 11667 | Lair:1   | Reached XP level 12. HP: 105/107 MP: 3/11
 11710 | Lair:1   | Reached skill level 14 in Axes
 11857 | Lair:1   | Found a shimmering altar of Xom.
 12724 | Lair:2   | Received a gift from Trog
 13347 | Lair:3   | Found a staircase to the Shoals.
 13439 | Lair:3   | Reached skill level 10 in Dodging
 13656 | Lair:3   | Noticed Fannar
 13675 | Lair:3   | Killed Fannar
 13783 | Lair:3   | Reached skill level 15 in Axes
 14572 | Lair:4   | Reached XP level 13. HP: 105/116 MP: 4/12
 14595 | Lair:4   | Found a hole to the Spider Nest.
 15160 | Lair:5   | Received a gift from Trog
 15706 | Lair:5   | Reached skill level 16 in Axes
 15956 | Lair:5   | Noticed Kirke
 15967 | Lair:5   | Killed Kirke
 16082 | Lair:5   | Noticed Derfel's ghost (journeyman MiBe)
 16101 | Lair:5   | Killed Derfel's ghost
 16239 | Lair:6   | Entered Level 6 of the Lair of Beasts
 16318 | Lair:6   | Received a gift from Trog
 16332 | Lair:6   | Reached skill level 10 in Shields
 16517 | Lair:6   | Found a staircase to the Slime Pits.
 16518 | Lair:6   | Found a viscous altar of Jiyva.
 16522 | Lair:6   | Noticed an acid blob
 16531 | Lair:6   | Killed an acid blob
 17542 | Lair:6   | Reached XP level 14. HP: 99/127 MP: 4/13
 18344 | D:12     | Reached skill level 17 in Axes
 18446 | D:12     | Found a staircase to the Orcish Mines.
 18677 | D:12     | Killed Azrael
 18985 | D:13     | Got a dazzling hand axe
 19286 | D:13     | Received a gift from Trog
 19546 | D:14     | Reached ****** piety under Trog
 19877 | D:14     | Noticed a red very ugly thing
 19886 | D:14     | Killed a red very ugly thing
 20037 | D:14     | Found Efuocw's Magic Scroll Shop.
 20066 | D:14     | Bought 2 scrolls of identify for 56 gold pieces
 20066 | D:14     | Bought a scroll of blinking for 105 gold pieces
 20136 | D:14     | Found a deep blue altar of Sif Muna.
 20441 | D:14     | Found a gate to the Vaults.
 20731 | D:14     | Identified the Disquisition on Attacks and Enchantment
 20853 | D:15     | Entered Level 15 of the Dungeon
 20910 | D:15     | Found an opulent altar of Gozag.
 20936 | D:15     | Paralysed by a hornet for 1 turns
 20953 | D:15     | Received a gift from Trog
 21014 | D:15     | Reached skill level 18 in Axes
 21053 | D:15     | Noticed Rupert
 21452 | D:15     | Found a staircase to the Depths.
 21565 | D:15     | Reached XP level 15. HP: 126/136 MP: 4/14
 21847 | D:15     | Killed Rupert
 22134 | Spider:1 | Entered Level 1 of the Spider Nest
 22300 | Spider:1 | Noticed Frances
 22316 | Spider:1 | Killed Frances
 22637 | Spider:1 | Received a gift from Trog
 22940 | Spider:1 | Noticed Donald
 22957 | Spider:1 | Killed Donald
 23321 | Spider:2 | Noticed Arachne
 23323 | Spider:2 | Mangled by a jumping spider

Skill      XL: |  1  2  3  4  5  6  7  8  9 10 11 12 13 14 15 |
---------------+----------------------------------------------+-----
Axes           | 4 5 6 7 8 9 11 12 13 15 16 18 | 18.7
Fighting       | 4 5 6 7 9 10 11 12 13 14 | 14.0
Armour         | 3 4 5 7 8 9 10 11 12 13 14 | 14.1
Dodging        | 3 4 5 6 7 8 9 10 11 12 13 | 13.0
Shields        | 1 4 5 7 9 10 11 12 | 12.2
Evocations     | |  0.6

Action                   |  1- 3 |  4- 6 |  7- 9 | 10-12 | 13-15 || total
-------------------------+-------+-------+-------+-------+-------++-------
Melee: Hand axe          |    42 |   145 |    64 |       |    26 ||   277
       Headbutt          |     5 |    28 |    85 |   178 |   233 ||   529
       War axe           |       |       |   315 |   350 |       ||   665
       Broad axe         |       |       |       |   295 |   837 ||  1132
Throw: Tomahawk          |       |       |     3 |       |       ||     3
Invok: Berserk           |     1 |     4 |     9 |    10 |    16 ||    40
       Trog's Hand       |     1 |     2 |     3 |     2 |    13 ||    21
       Burn Spellbooks   |       |       |     1 |     2 |     1 ||     4
       Brothers in Arms  |       |       |       |       |     5 ||     5
Evoke: Wand              |       |       |       |    10 |    13 ||    23
  Use: Potion            |       |     2 |       |     1 |     1 ||     4
       Scroll            |       |       |    16 |    11 |    17 ||    44
  Eat: Chunk             |     2 |     6 |    23 |    30 |    42 ||   103
       Bread ration      |       |     1 |       |       |       ||     1
       Pizza             |       |       |       |     1 |     1 ||     2
       Fruit             |       |       |       |     4 |     5 ||     9
Armor: Animal skin       |     1 |       |       |       |       ||     1
       Ring mail         |     5 |    37 |     4 |       |       ||    46
       Plate armour      |       |       |   126 |   239 |   291 ||   656
       Scale mail        |       |       |     2 |       |       ||     2
Dodge: Dodged            |    29 |    76 |   119 |   198 |   329 ||   751
Block: Shield            |       |       |    81 |   298 |   421 ||   800
